Map: Heavy Artillery LE

Players

qqq

  • Race: Zerg Zerg
  • League: Platinum
  • Spawn Location: 7:00

Massa

  • Race: Terran Terran
  • League: Platinum
  • Spawn Location: 7:00

Strider - Winner!

  • Race: Protoss Protoss
  • Spawn Location: 3:00

Flameboy - Winner!

  • Race: Terran Terran
  • Spawn Location: 1:00

VOD

Have the link to the VOD?

Description

Time

  • Played on: Jan. 7, 2021, 3:46 p.m.
  • Length: 10:27
Show
View Real Time Build Order
Export as new Build Order

qqq Zerg 

Build Orders: Hatch First 

Get SALT Encoding   

  12  0:00  Drone  
  13  0:08  Drone  
  14  0:18  Overlord  
  14  0:44  Hatchery  
  13  0:59  Drone x2  
  13  1:00  Drone  
  16  1:15  Spawning Pool  
  16  1:17  Extractor  
  14  1:20  Drone  
  15  1:32  Drone x2  
  17  1:42  Extractor  
  16  1:48  Drone  
  17  1:57  Drone  
  17  2:00  Overlord  
  18  2:06  Drone  
  19  2:12  Drone  
  19  2:15  Queen x2  
  24  2:28  Drone  
  25  2:32  Metabolic Boost  
  25  2:35  Drone  
  26  2:37  Drone  
  26  2:41  Overlord  
  26  2:43  Drone  
  28  2:51  Baneling Nest  
  27  2:52  Drone  
  27  2:57  Drone  
  27  2:58  Zergling x2  
  30  3:01  Drone  
  30  3:02  Drone  
  32  3:11  Zergling x2  
  33  3:23  Zergling x2  
  33  3:24  Zergling x4  
  36  3:30  Zergling x4, Overlord  
  36  3:32  Drone  
  36  3:33  Drone x2  
  41  3:51  Drone, Zergling x2  
  41  3:52  Roach Warren  
  41  3:53  Drone x2, Queen  
  46  4:00  Overlord  
  46  4:02  Spine Crawler  
  45  4:06  Overlord  
  45  4:22  Zergling x8  
  49  4:35  Lair  
  49  4:37  Roach x4  
  57  4:40  Roach  
  56  4:57  Roach x3  
  50  5:14  Spore Crawler  
  46  5:15  Spine Crawler  
  29  5:40  Overseer  
  29  5:41  Roach  
  29  5:42  Roach x2  
  35  5:44  Drone x3  
  36  6:15  Drone  
  36  6:16  Drone x2  
  36  6:17  Extractor  
  38  6:26  Hatchery  
  35  6:59  Spire  
  34  7:13  Roach x3  
  36  7:33  Queen  
  38  7:38  Drone x2  
  40  7:44  Hatchery  
  40  7:46  Drone  
  40  7:52  Drone  
  40  7:53  Drone  
  42  7:59  Drone  
  42  8:00  Drone  
  42  8:04  Queen  
  44  8:15  Mutalisk  
  44  8:16  Mutalisk  
  48  8:23  Spore Crawler  
  47  8:34  Mutalisk x2  
  47  8:35  Drone  
  47  8:36  Drone  
  53  8:43  Drone  
  53  8:47  Queen  
  56  8:52  Mutalisk  
  58  8:55  Drone  
  58  8:58  Drone  
  58  9:02  Mutalisk  
  62  9:13  Drone x2  
  62  9:34  Drone x3  
  62  9:36  Drone  
  66  9:46  Overlord x2  
  66  9:48  Overlord  
  58  10:12  Drone x4  
  58  10:13  Drone x2  
  64  10:21  Extractor  
Show
View Real Time Build Order
Export as new Build Order

Massa Terran 

Build Orders:  

Get SALT Encoding   

  12  0:00  SCV  
  13  0:12  SCV  
  14  0:20  Supply Depot  
  14  0:24  SCV  
  15  0:42  SCV  
  16  0:43  Barracks  
  16  0:49  Refinery  
  16  0:54  SCV  
  17  1:06  SCV  
  18  1:18  SCV  
  19  1:30  SCV  
  20  1:43  SCV  
  20  1:44  Command Center  
  21  1:52  Reaper  
  22  1:58  Orbital Command  
  22  2:30  Supply Depot  
  22  2:33  SCV  
  22  2:36  Command Center  
  23  2:41  Barracks Tech Lab  
  23  2:49  Factory  
  23  2:53  Supply Depot  
  23  2:55  SCV  
  24  3:01  SCV  
  25  3:08  Barracks x2  
  25  3:14  Stimpack  
  25  3:15  Marine  
  25  3:33  Orbital Command  
  25  3:34  SCV  
  25  3:38  Barracks  
  26  3:41  Refinery  
  26  3:50  SCV x2, Factory Tech Lab  
  28  3:57  Marine  
  28  4:00  Marauder, Supply Depot  
  31  4:10  SCV x3  
  31  4:15  Siege Tank  
  31  4:16  Marine  
  38  4:17  Marine  
  38  4:22  SCV x2  
  38  4:23  SCV  
  42  4:24  Marine  
  42  4:28  Marauder  
  45  4:34  Marine  
  45  4:35  Marine  
  47  4:42  Marine  
  46  4:49  Marauder  
  46  4:52  Marine  
  39  4:53  Marine  
  30  5:28  Orbital Command  
  29  5:56  SCV x3  
  28  6:04  Engineering Bay  
  28  6:08  SCV  
  29  6:22  Marauder, Marine x2  
  29  6:23  Marine  
  34  6:29  Starport  
  34  6:33  Missile Turret  
  34  6:35  Missile Turret  
  34  6:43  SCV x2  
  36  7:21  Factory Tech Lab  
  36  7:28  Viking  
  35  7:47  SCV x3  
  35  7:50  Marine x4  
  42  7:59  SCV x2  
  44  8:06  Missile Turret  
  44  8:08  Marine x2  
  45  8:45  Siege Tank  
  45  8:46  SCV x3  
  51  8:55  Marine x2  
  51  8:56  Refinery, Marauder, Marine  
  51  8:58  SCV x3  
  59  9:13  Marine x3  
  65  9:17  Siege Tank  
  65  9:18  Marauder  
  65  9:19  Missile Turret  
  65  9:21  SCV  
  65  9:22  SCV x2  
  65  9:23  Missile Turret  
  70  9:31  Marine  
  70  9:34  SCV x3  
  74  9:46  SCV x3  
  77  9:57  Supply Depot x2  
  77  9:58  Supply Depot  
  56  10:22  Supply Depot  
  56  10:23  Supply Depot x2  
Show
View Real Time Build Order
Export as new Build Order

Strider Protoss - Winner!

Build Orders: Dark Templar Rush 

Get SALT Encoding   

  12  0:00  Probe  
  13  0:12  Probe  
  14  0:19  Pylon  
  14  0:27  Probe (Chrono Boost)  
  15  0:39  Probe (Chrono Boost)  
  16  0:45  Gateway  
  16  0:47  Probe (Chrono Boost)  
  17  0:51  Assimilator  
  17  0:55  Probe  
  18  1:07  Probe  
  19  1:19  Probe  
  19  1:22  Assimilator  
  20  1:31  Probe (Chrono Boost)  
  21  1:35  Cybernetics Core  
  21  1:39  Pylon  
  21  1:41  Probe (Chrono Boost)  
  21  1:46  Probe (Chrono Boost)  
  23  1:58  Probe  
  24  2:10  Probe  
  24  2:13  Warp Gate (Chrono Boost)  
  24  2:15  Twilight Council  
  25  2:21  Robotics Facility  
  25  2:23  Probe  
  26  2:36  Pylon  
  26  2:37  Probe  
  27  2:49  Probe  
  28  2:54  Dark Shrine  
  28  2:56  Gateway  
  28  2:57  Gateway  
  28  3:00  Gateway  
  28  3:04  Probe  
  29  3:13  Warp Prism (Chrono Boost)  
  31  3:31  Pylon  
  31  4:00  Nexus  
  31  4:01  Pylon  
  31  4:06  Dark Templar  
  31  4:07  Dark Templar  
  35  4:12  Dark Templar  
  37  4:20  Dark Templar  
  39  4:34  Probe  
  40  4:46  Probe  
  39  4:59  Dark Templar  
  41  5:00  Probe  
  42  5:12  Probe  
  41  5:20  Dark Templar  
  43  5:22  Probe  
  43  5:24  Probe  
  45  5:29  Zealot x2  
  45  5:32  Assimilator  
  45  5:34  Probe  
  45  5:35  Gateway  
  50  5:37  Assimilator  
  48  5:51  Dark Templar  
  48  6:20  Probe x2  
  48  6:25  Immortal  
  54  6:29  Charge  
  54  6:32  Probe  
  55  6:33  Gateway  
  55  6:39  Robotics Bay  
  55  6:42  Pylon  
  55  7:33  Probe x2  
  57  7:45  Probe x2  
  59  7:55  Gateway  
  59  7:56  Gateway  
  59  7:57  Probe x2, Nexus  
  59  7:58  Gateway, Pylon  
  61  8:00  Pylon  
  61  8:09  Probe x2  
  61  8:21  Probe x2  
  61  8:26  Extended Thermal Lance  
  63  8:33  Probe, Colossus (Chrono Boost)  
  64  8:34  Probe  
  71  8:41  Pylon  
  71  8:43  Pylon  
  71  8:46  Probe x2, Forge x2  
  73  8:53  Sentry  
  75  8:58  Probe x2  
  77  9:10  Probe  
  78  9:24  Stalker x3  
  78  9:25  Stalker x2  
  78  9:29  Probe x3  
  91  9:42  Stalker  
  91  9:43  Stalker x2  
  95  10:10  Stalker x2  
  95  10:11  Stalker x6  
  101  10:27  Stalker  
Show
View Real Time Build Order
Export as new Build Order

Flameboy Terran - Winner!

Build Orders: Cyclone Opening, Mech 

Get SALT Encoding   

  12  0:00  SCV  
  13  0:12  SCV  
  14  0:18  Supply Depot  
  14  0:24  SCV  
  15  0:30  Refinery  
  15  0:39  SCV  
  16  0:45  Barracks  
  16  0:51  SCV  
  17  1:03  SCV  
  18  1:16  SCV  
  19  1:21  Refinery  
  19  1:32  Marine  
  21  1:33  Orbital Command  
  20  1:41  Factory  
  20  1:54  Marine  
  20  1:59  SCV  
  22  2:07  Supply Depot  
  22  2:12  Marine  
  23  2:26  Factory Tech Lab  
  23  2:28  Armory  
  23  2:29  SCV  
  24  2:30  Starport  
  24  2:36  Marine  
  25  2:47  SCV  
  25  2:48  Cyclone  
  29  2:52  Supply Depot  
  29  2:59  Marine  
  31  3:05  SCV  
  31  3:13  Supply Depot  
  31  3:14  Medivac  
  33  3:20  Mag-Field Accelerator  
  33  3:24  Marine  
  34  3:42  Marine  
  34  3:45  Command Center  
  35  3:58  SCV  
  35  3:59  Cyclone  
  35  4:00  Medivac  
  41  4:07  Marine  
  42  4:19  Factory  
  42  4:29  SCV  
  43  4:41  SCV  
  43  4:43  Marine  
  45  4:53  SCV  
  46  5:01  Marine  
  40  5:14  Factory Reactor  
  40  5:17  Cyclone  
  43  5:24  Orbital Command  
  43  5:26  SCV  
  44  5:29  Medivac  
  44  5:30  Terran Vehicle Weapons Level 1  
  44  5:33  Engineering Bay  
  46  5:35  Supply Depot  
  46  5:37  Refinery  
  46  5:38  SCV  
  46  5:40  Supply Depot  
  47  5:46  Factory  
  47  5:50  SCV  
  48  6:12  SCV  
  48  6:13  Marine  
  48  6:15  Thor  
  48  6:17  Hellbat  
  58  6:24  SCV  
  59  6:26  Starport Reactor  
  59  6:29  SCV  
  59  6:30  Refinery  
  59  6:31  Marine  
  60  6:34  Command Center  
  60  6:36  SCV  
  58  6:42  SCV  
  59  6:49  SCV  
  60  6:55  Marine  
  60  7:01  SCV  
  62  7:08  SCV  
  62  7:13  SCV, Marine  
  65  7:20  SCV  
  66  7:25  SCV  
  67  7:31  Marine  
  67  7:33  Refinery, SCV  
  67  7:35  Refinery  
  67  7:37  SCV, Supply Depot  
  69  7:43  Missile Turret  
  70  7:45  SCV  
  70  7:48  Sensor Tower  
  70  7:49  SCV  
  70  7:50  Terran Vehicle And Ship Armor Level 1  
  72  7:52  Factory Tech Lab  
  72  7:53  Liberator  
  72  7:57  SCV  
  76  8:01  SCV  
  77  8:09  SCV  
  78  8:16  SCV  
  78  8:18  Infernal Pre-Igniter  
  79  8:21  Widow Mine, Cyclone, Hellion, Siege Tank  
  89  8:30  SCV  
  89  8:33  SCV  
  91  8:37  Supply Depot  
  91  8:42  Widow Mine, Hellbat  
  95  8:50  SCV  
  95  8:53  Cyclone  
  99  8:58  Thor  
  105  9:03  Hellbat  
  107  9:18  Widow Mine  
  109  9:25  SCV  
  109  9:28  Widow Mine, Siege Tank  
  109  9:33  Supply Depot  
  109  9:34  SCV  
  109  9:36  Supply Depot  
  109  9:37  SCV  
  109  9:38  Command Center  
  109  9:41  Orbital Command, Supply Depot  
  109  9:42  Siege Tank  
  112  9:46  SCV  
  112  9:49  SCV  
  114  10:02  SCV  
  114  10:06  Supply Depot x2  
  121  10:08  SCV  
  121  10:14  SCV  
Tags
 
Add a new tag
Caveats
  • Supply blocks, unpowered buildings, or Contaminate may cause inaccurate times.
  • Supply counts are checked every 10 seconds.